 Dungeon Crawl Stone Soup version 0.21-a0-216-g6d3fd91 (console) character file.

12144 utis the Nimble (level 12, -2/94 HPs)
             Began as a Human Hunter on Aug 23, 2017.
             Slain by a death knight
             ... wielding a +4 great sword
              (24 damage)
             ... on level 10 of the Dungeon.
             The game lasted 00:49:56 (21170 turns).

utis the Nimble (Human Hunter)                     Turns: 21170, Time: 00:49:57

Health: -2/94      AC: 19    Str: 16    XL:     12   Next: 16%
Magic:  16/16      EV: 10    Int: 12    God:
Gold:   669        SH:  0    Dex: 18    Spells: 11/11 levels left

rFire    . . .     SeeInvis .   R - +0 arbalest
rCold    + . .     Gourm    .   (shield currently unavailable)
rNeg     . . .     Faith    .   Y - +2 plate armour {rC+}
rPois    .         Spirit   .   (no helmet)
rElec    .         Reflect  .   (no cloak)
rCorr    .         Harm     .   A - +2 pair of gloves
MR       .....                  (no boots)
Stlth    ..........             B - amulet of rage
HPRegen  0.25/turn              X - +3 ring of dexterity (curse)
MPRegen  0.15/turn              Z - ring of wizardry

@: no status effects
A: no striking features
a: Evoke Berserk Rage


You were on level 10 of the Dungeon.
You were hungry.

You visited 1 branch of the dungeon, and saw 10 of its levels.
You also visited: Ossuary.

You collected 779 gold pieces.
You spent 110 gold pieces at shops.

Inventory:

Hand Weapons
 a - a +0 dagger of venom
 b - a +0 shortbow
 c - a +0 blowgun {@w1}
 n - a +0 short sword
 y - a +0 rapier
 K - the +11 whip of Vaomuni {freeze, MP+9 Dex+2}
   (You found it on level 9 of the Dungeon)

   It has been specially enchanted to freeze those struck by it, causing extra
   injury to most foes and up to half again as much damage against particularly
   susceptible opponents.
   It can also slow down cold-blooded creatures.
   It affects your dexterity (+2).
   It affects your magic capacity (+9).
 M - a +1 hand crossbow
 R - a +0 arbalest (weapon)
 T - a +0 falchion of flaming
 U - a +1 dire flail of holy wrath
Missiles
 d - 120 bolts (quivered)
 i - 289 stones
 k - 49 sling bullets
 E - 24 tomahawks
 F - 126 arrows
 L - 36 poisoned needles
 W - 3 needles of confusion
Armour
 A - a +2 pair of gloves (worn)
 Y - a +2 plate armour of cold resistance (worn)
Jewellery
 j - an uncursed amulet of magic regeneration
 B - an amulet of rage (around neck)
 X - a cursed +3 ring of dexterity (left hand)
 Z - a ring of wizardry (right hand)
Wands
 N - a wand of polymorph (12/24)
 Q - a wand of confusion (35/48)
 V - a wand of polymorph (9/24)
Scrolls
 e - a scroll of enchant weapon {unknown}
 h - 5 scrolls of remove curse {@r2}
 m - a scroll of blinking
 o - 5 scrolls of teleportation {@r4}
 s - 5 scrolls of recharging
 v - 3 scrolls of fear
 w - a scroll of fog
 C - 2 scrolls of amnesia
 D - a scroll of random uselessness {unknown}
 H - a scroll of silence {unknown}
Potions
 g - 2 potions of magic
 l - 2 potions of haste {@q3}
 u - 3 potions of resistance
 x - 2 potions of cancellation
 z - 2 potions of brilliance
 G - 5 potions of curing {@q1}
 I - a potion of heal wounds {@q2}
 J - a potion of invisibility
 O - a potion of flight
Books
 t - a book of Misfortune

   Spells                             Type                      Level
   a - Confusing Touch                Hexes                        1
   b - Confuse                        Hexes                        3
   c - Gell's Gravitas                Translocation                3
   d - Petrify                        Transmutation/Earth          4
   e - Metabolic Englaciation         Hexes/Ice                    5
   f - Yara's Violent Unravelling     Hexes/Transmutation          5
 S - a book of Minor Magic

   Spells                             Type                      Level
   a - Magic Dart                     Conjuration                  1
   b - Blink                          Translocation                2
   c - Call Imp                       Summoning                    2
   d - Slow                           Hexes                        2
   e - Conjure Flame                  Conjuration/Fire             3
   f - Mephitic Cloud                 Conjuration/Poison/Air       3
Comestibles
 f - 6 bread rations {@e1}
 p - 9 meat rations {@e1}
 q - 18 fruits {@e2}
 P - 7 royal jellies {@e3}


   Skills:
 - Level 8.4 Fighting
 - Level 4.4 Short Blades
 - Level 8.5 Crossbows
 - Level 8.5 Armour
 + Level 9.7 Dodging
 - Level 1.0 Stealth
 - Level 6.6 Evocations


You had 11 spell levels left.
You didn't know any spells.

Dungeon Overview and Level Annotations

Branches:
Dungeon (10/15)            Temple (0/1) D:4             Orc (0/2) D:10
   Lair: D:8-11

Altars:
Ashenzari
Dithmenos
Fedhas
Hepliaklqana
Makhleb
Okawaru
Sif Muna
Vehumet
Wu Jian
Yredelemnul
Zin
The Shining One
Beogh

Shops:
D:3 *   D:5 ?

Annotations:
D:8 1 runed door


Message History

The death knight is moderately wounded.
The death knight reflects your damage back at you!
The death knight hits you with an enchanted great sword!!
Firing (i - inventory. (,) - cycle):
d - 122 bolts (quivered)
Press: ? - help, Shift-Dir - straight line, f/p - death knight
Aim: a death knight, wielding an enchanted great sword and wearing a chain mail (moderately wounded, reflecting injuries)
You shoot a bolt.
The bolt closely misses the death knight.
The death knight hits you with an enchanted great sword!
* * * LOW HITPOINT WARNING * * *
Firing (i - inventory. (,) - cycle):
d - 121 bolts (quivered)
Press: ? - help, Shift-Dir - straight line, f/p - death knight
Aim: a death knight, wielding an enchanted great sword and wearing a chain mail (moderately wounded, reflecting injuries)
You shoot a bolt. The bolt hits the death knight!!
The death knight is heavily wounded.
The death knight reflects your damage back at you!
* * * LOW HITPOINT WARNING * * *
The death knight hits you but does no damage.
The death knight hits you with an enchanted great sword!!
You die...

.░......[░░░░░░..░░░▓≈▓░░.░.....░
.........[....░..░ ▓▓▓░........░
.░░░░░░░░░[...░░░░░░░░░░░.░░░░░░░
.............░........░ ░........
...░░░░░░....░........░ ░..░░....
.))░ ░....░..!.....░░░..░░....
...░░░░░░)...░........!....░░....
........)....░.............░░....
.......[....[<..pp➘➘.......░░....
.................................
░░░░░░░░░░░░░░░░░░░░░░░░░░░░░░░░░


You could see a death knight.

Vanquished Creatures
  The ghost of Syneil the Fighter, a novice OgHu of Okawaru (D:8)
  A hydra (D:8)
  A two-headed ogre (D:9)
  A skeletal warrior (D:10)
  2 trolls
  A hippogriff (D:9)
  2 dream sheep (D:8)
  A wraith (D:9)
  11 yaks
  Eustachio (D:4)
  A wyvern (D:9)
  A hungry ghost (D:9)
  Sigmund (D:4)
  The ghost of Dustman the Shield-Bearer, an amateur DsFi (D:3)
  Duvessa (D:4)
  A sky beast (D:5)
  A black bear (D:6)
  9 orc warriors
  2 ice beasts
  10 ogres
  3 phantoms (D:9)
  3 centaurs
  Blork the orc (D:9)
  4 big kobolds
  5 bullfrogs
  A water moccasin zombie (Ossuary)
  2 gnoll sergeants (D:9)
  Dowan (D:4)
  A scorpion (D:9)
  11 killer bees
  5 howler monkeys
  3 centaur zombies (Ossuary)
  A crimson imp (D:6)
  4 bullfrog zombies
  2 hounds
  2 jellies
  5 orc priests
  8 orc wizards
  5 bullfrog skeletons
  A centaur skeleton (D:5)
  2 iguanas
  5 worker ants
  7 hound zombies
  11 mummies (Ossuary)
  12 gnolls
  13 adders
  A howler monkey skeleton (D:10)
  2 shadow imps
  2 oozes (D:1)
  5 adder zombies
  2 adder skeletons
  4 worms
  2 dart slugs
  3 leopard geckos
  70 orcs
  12 bats
  4 giant cockroaches
  13 goblins
  11 hobgoblins
  19 jackals
  12 kobolds
  4 quokkas
  3 ball pythons
  5 frilled lizards
  A giant cockroach zombie (Ossuary)
  A jackal zombie (Ossuary)
  A leopard gecko skeleton (D:9)
  A leopard gecko zombie (Ossuary)
  6 rats
352 creatures vanquished.

Vanquished Creatures (others)
  A howler monkey (D:8)
  A centaur skeleton (D:8)
  An iguana (D:8)
  An orc (D:8)
  3 plants (D:8)
  3 withered plants (Ossuary)
10 creatures vanquished.

Grand Total: 362 creatures vanquished

Notes
Turn   | Place    | Note
-------+----------+-------------------------------------------
     0 | D:1      | utis the Human Hunter began the quest for the Orb.
     0 | D:1      | Reached XP level 1. HP: 16/16 MP: 1/1
   213 | D:1      | Reached XP level 2. HP: 22/23 MP: 2/2
   532 | D:1      | Reached XP level 3. HP: 29/29 MP: 3/3
  1633 | D:2      | Found an iron altar of Okawaru.
  1729 | D:2      | Reached XP level 4. HP: 37/37 MP: 4/4
  1871 | D:2      | Reached skill level 1 in Short Blades
  2914 | D:2      | Reached XP level 5. HP: 41/42 MP: 5/5
  3685 | D:3      | Noticed Dustman's ghost (amateur DsFi)
  4010 | D:3      | Found Zin's Purification Station.
  4012 | D:3      | Found a glowing silver altar of Zin.
  4278 | D:3      | Killed Dustman's ghost
  4278 | D:3      | Reached XP level 6. HP: 48/48 MP: 6/6
  4704 | D:4      | Noticed Eustachio
  4747 | D:4      | Killed Eustachio
  4747 | D:4      | Reached XP level 7. HP: 42/54 MP: 7/7
  4911 | D:4      | Noticed Sigmund
  4937 | D:4      | Killed Sigmund
  4964 | D:4      | Found a basalt altar of Yredelemnul.
  5168 | D:4      | Found a staircase to the Ecumenical Temple.
  5168 | D:4      | Noticed Duvessa
  5169 | D:4      | Noticed Dowan
  5206 | D:4      | Killed Duvessa
  5213 | D:4      | Killed Dowan
  5213 | D:4      | Reached skill level 5 in Armour
  5213 | D:4      | Reached XP level 8. HP: 39/61 MP: 8/8
  6106 | D:4      | Reached skill level 5 in Fighting
  6209 | D:5      | Entered Level 5 of the Dungeon
  6264 | D:5      | Found Fus Sois's Magic Scroll Emporium.
  6267 | D:5      | Bought a scroll of fear for 45 gold pieces
  6267 | D:5      | Bought a scroll of teleportation for 39 gold pieces
  6268 | D:5      | Bought a scroll of identify for 26 gold pieces
  6318 | D:5      | Found a sand-covered staircase.
  6325 | Ossuary  | Entered an ossuary
  6383 | Ossuary  | Reached skill level 5 in Crossbows
  7230 | Ossuary  | Reached XP level 9. HP: 69/69 MP: 9/9
  8171 | D:5      | Found a shattered altar of Ashenzari.
 10879 | D:7      | Reached XP level 10. HP: 64/79 MP: 10/10
 10988 | D:7      | Found a blossoming altar of Fedhas.
 11291 | D:7      | Found a burning altar of Makhleb.
 11552 | D:7      | Found a burning altar of Makhleb.
 12275 | D:8      | Found an ornate altar of the Wu Jian Council.
 12313 | D:8      | Found a hazy altar of Hepliaklqana.
 12404 | D:8      | Found a radiant altar of Vehumet.
 12749 | D:8      | Found a roughly hewn altar of Beogh.
 12958 | D:8      | Noticed Syneil's ghost (novice OgHu)
 12981 | D:8      | Killed Syneil's ghost
 13265 | D:8      | Found a runed door.
 13272 | D:8      | Found a basalt altar of Yredelemnul.
 13448 | D:8      | Reached skill level 1 in Evocations
 14713 | D:8      | Noticed a three-headed hydra
 14765 | D:8      | Reached skill level 5 in Evocations
 15020 | D:8      | Killed a three-headed hydra
 15020 | D:8      | Reached XP level 11. HP: 70/87 MP: 13/15
 15557 | D:9      | Noticed Blork the orc
 15565 | D:9      | Killed Blork the orc
 15572 | D:9      | Found a deep blue altar of Sif Muna.
 15644 | D:9      | uh oh
 15664 | D:8      | Reached skill level 3 in Dodging
 16079 | D:9      | Reached skill level 4 in Dodging
 16167 | D:9      | Reached skill level 5 in Dodging
 16955 | D:9      | Found a glowing golden altar of the Shining One.
 17158 | D:9      | Reached skill level 6 in Dodging
 17484 | D:9      | Noticed a two-headed ogre
 17494 | D:9      | Killed a two-headed ogre
 17701 | D:9      | Got a pitted whip
 17702 | D:9      | Identified the +11 whip of Vaomuni {freeze, MP+9 Dex+2} (You found it on level 9 of the Dungeon)
 17769 | D:9      | Found a shadowy altar of Dithmenos.
 17925 | D:9      | Reached skill level 7 in Dodging
 18090 | D:9      | Reached skill level 8 in Dodging
 18414 | D:10     | Entered Level 10 of the Dungeon
 19297 | D:9      | Reached XP level 12. HP: 63/94 MP: 16/16
 19590 | D:10     | Found a staircase to the Orcish Mines.
 19792 | D:10     | Reached skill level 9 in Dodging
 20652 | D:10     | Noticed a skeletal warrior
 20674 | D:10     | Noticed a death knight
 20674 | D:10     | Killed a skeletal warrior
 21170 | D:10     | Slain by a death knight

Vault maps used:
D:1:      shiori_shiawase, st_stairs_6, minmay_tromino_v7
D:2:      kennysheep_six_static_rooms, okawaru_trees_1, first_bread
D:3:      zin_purify
D:4:      kennysheep_mini, minmay_temple_entry_large_hall, grunt_ministairs_6,
          uniq_duvessa, uniq_sigmund, uniq_eustachio
D:5:      lemuel_ice_spiral_2, marbit_many_paths, enter_ossuary_2, serial_shops,
          nicolae_shop_behind_doors
D:7:      lightli_temple_of_fire, fedhas_bush_and_centaur_altar, basic_altar
D:8:      nicolae_overflow_crystal_walls, fiery_altar_vehumet,
          old_standard_altar, special_room, hangedman_ranch,
          dk_yredelemnul_ordeal
D:9:      tgw_sif, tso_oasis_becter, nicolae_dithmenos_through_a_glass_darkly
D:10:     hiddenorc2_lemuel, lightli_orcish_oven
Ossuary:  ossuary_zaba_flooded

Skill      XL: |  1  2  3  4  5  6  7  8  9 10 11 12 |
---------------+-------------------------------------+-----
Fighting       | 3 4 5 7 8 |  8.4
Short Blades   | 2 3 4 |  4.4
Armour         | 2 3 5 6 7 8 |  8.5
Crossbows      | 5 7 8 |  8.5
Evocations     | 6 |  6.6
Dodging        | 8 9 |  9.7
Stealth        | |  1.0

Action                   |  1- 3 |  4- 6 |  7- 9 | 10-12 || total
-------------------------+-------+-------+-------+-------++-------
Melee: Short sword       |   124 |       |       |       ||   124
       Dagger            |     5 |   183 |   395 |   488 ||  1071
       Rapier            |       |       |   151 |    44 ||   195
       Unarmed           |       |       |     7 |       ||     7
       Whip              |       |       |       |   204 ||   204
 Fire: Hand crossbow     |     1 |    18 |    95 |    87 ||   201
       Shortbow          |       |       |     6 |     9 ||    15
       Arbalest          |       |       |       |   109 ||   109
Throw: Stone             |    46 |    39 |    12 |    37 ||   134
  Use: Scroll            |       |     9 |    11 |     3 ||    23
       Potion            |       |     1 |     1 |     1 ||     3
 Stab: Sleeping          |       |     1 |       |       ||     1
  Eat: Chunk             |     3 |     8 |    17 |    33 ||    61
       Bread ration      |       |       |     1 |       ||     1
       Fruit             |       |       |       |     2 ||     2
Armor: Leather armour    |    30 |    25 |       |       ||    55
       Chain mail        |       |    46 |   271 |    95 ||   412
       Skin              |       |     9 |       |       ||     9
       Plate armour      |       |       |       |   379 ||   379
Dodge: Dodged            |    83 |    71 |   175 |   309 ||   638

Table legend:
 A = Spawn XP
 B = Non-spawn XP
 C = Spawn XP percentage of total XP
 D = Spawn monster count
 E = Non-spawn monster count
 F = Spawn count percentage of total count
 G = Total turns spent on level
                    A         B        C        D         E        F      G
               +---------+---------+-------+---------+---------+-------+---------
         Total |    3780 |   13569 |  21.8 |      64 |     288 |  18.2 | 21170
               +---------+---------+-------+---------+---------+-------+---------
           D:1 |      22 |      44 |  33.3 |      11 |      23 |  32.4 |  1628
           D:2 |      26 |      92 |  22.0 |       8 |      26 |  23.5 |  2247
           D:3 |     195 |      32 |  85.9 |       4 |       5 |  44.4 |   821
           D:4 |      51 |     904 |   5.3 |       4 |      15 |  21.1 |  1546
           D:5 |     142 |     423 |  25.1 |       2 |      16 |  11.1 |  1463
           D:6 |      20 |     705 |   2.8 |       1 |      26 |   3.7 |  1450
           D:7 |     218 |     822 |  21.0 |       3 |      21 |  12.5 |  2076
           D:8 |     163 |    4332 |   3.6 |       2 |      44 |   4.3 |  3135
           D:9 |    1949 |    4100 |  32.2 |      25 |      34 |  42.4 |  3895
          D:10 |     994 |    1382 |  41.8 |       4 |      50 |   7.4 |  1838
       Ossuary |       0 |     733 |   0.0 |       0 |      28 |   0.0 |  1071
               +---------+---------+-------+---------+---------+-------+---------
